Map: Emerald City LE

Players

Massa - Winner!

  • Race: Terran Terran
  • League: Platinum
  • Spawn Location: 11:00

qqq - Winner!

  • Race: Zerg Zerg
  • Spawn Location: 11:00

ETa

  • Race: Protoss Protoss
  • Spawn Location: 5:00

posko

  • Race: Zerg Zerg
  • Spawn Location: 5:00

VOD

Have the link to the VOD?

Description

Time

  • Played on: Oct. 23, 2020, 4:22 p.m.
  • Length: 22:53
Show
View Real Time Build Order
Export as new Build Order

Massa Terran - Winner!

Build Orders:  

Get SALT Encoding   

  12  0:02  SCV  
  13  0:14  SCV  
  14  0:25  Supply Depot  
  14  0:26  SCV  
  15  0:36  Refinery  
  15  0:47  SCV  
  15  0:48  Barracks  
  16  0:59  SCV  
  17  1:11  SCV  
  18  1:23  SCV  
  19  1:35  SCV, Reaper  
  21  1:45  Refinery  
  21  1:48  Command Center  
  21  2:05  Orbital Command  
  21  2:07  Marine  
  22  2:09  Factory  
  22  2:25  Marine  
  23  2:57  Factory Reactor  
  23  2:59  Marine, Supply Depot x3  
  23  3:03  Starport  
  23  3:09  SCV  
  24  3:17  Reaper  
  25  3:21  SCV  
  26  3:33  SCV  
  27  3:36  Hellion x2  
  31  3:44  Orbital Command  
  31  3:50  Reaper  
  31  3:55  Starport Tech Lab  
  32  4:06  Supply Depot  
  32  4:11  Supply Depot  
  32  4:14  Supply Depot  
  32  4:19  Banshee  
  32  4:20  Barracks  
  32  4:23  Factory Tech Lab  
  35  4:43  Barracks Reactor, Siege Tank  
  38  4:45  Refinery, SCV  
  38  4:46  SCV  
  40  4:55  Engineering Bay  
  40  4:58  SCV x2  
  42  5:02  Banshee  
  45  5:10  SCV  
  41  5:34  Marine x2  
  43  5:39  Marine x2  
  45  5:52  Marine x2  
  45  5:56  Marine  
  48  5:57  Marine  
  49  6:13  Cyclone  
  49  6:14  Marine x3  
  49  6:15  Marine  
  56  6:20  Barracks  
  56  6:25  Missile Turret  
  56  6:32  Marine x3  
  57  6:35  Missile Turret x2  
  59  6:45  Cyclone  
  59  6:46  Missile Turret  
  62  6:47  Marine  
  62  6:50  Marine x3  
  66  6:56  Missile Turret x2  
  66  6:57  Refinery  
  66  6:58  SCV  
  66  6:59  SCV  
  68  7:06  Missile Turret  
  68  7:10  SCV  
  68  7:11  SCV  
  70  7:16  Barracks Tech Lab  
  70  7:17  Cyclone, Marine x2  
  70  7:18  Marine x2  
  70  7:22  SCV, Mag-Field Accelerator  
  78  7:23  SCV  
  78  7:28  Medivac  
  81  7:34  SCV, Terran Infantry Weapons Level 1  
  81  7:35  SCV, Marine  
  84  7:38  Armory  
  84  7:40  Cloaking Field  
  84  7:46  SCV  
  84  7:47  SCV  
  86  8:05  Supply Depot  
  86  8:09  Supply Depot  
  86  8:11  Supply Depot  
  86  8:12  Supply Depot  
  86  8:26  Banshee, Marine  
  94  8:27  SCV x2, Marauder  
  94  8:28  Supply Depot  
  94  8:30  Marine  
  95  8:35  Supply Depot  
  95  8:39  SCV  
  96  8:46  Command Center  
  96  8:47  Terran Vehicle Weapons Level 1  
  98  8:48  Marauder  
  98  8:52  Marine x4  
  102  9:01  Thor  
  108  9:09  Marine  
  110  9:10  Marauder  
  111  9:28  Terran Infantry Armor Level 1  
  113  9:31  Marauder  
  113  9:52  Thor  
  121  9:53  Marauder  
  112  10:16  Marauder, Marine x2  
  113  10:31  Stimpack  
  113  10:34  Thor  
  116  10:38  Marauder  
  118  10:46  Factory  
  118  10:48  Factory  
  118  11:20  SCV  
  118  11:21  SCV  
  120  11:28  Smart Servos, Command Center  
  120  11:30  Command Center  
  120  11:32  SCV  
  121  11:33  SCV  
  121  11:39  Factory Tech Lab  
  122  11:44  SCV  
  122  11:45  SCV, Planetary Fortress  
  124  11:47  Factory Tech Lab  
  124  11:56  SCV  
  124  11:57  SCV  
  126  12:08  SCV  
  126  12:09  SCV  
  126  12:10  Combat Shield  
  128  12:20  SCV  
  128  12:21  SCV  
  98  12:52  Marauder  
  98  12:53  Marine x4  
  98  12:54  Thor x3  
  102  13:11  Marine x4  
  94  13:14  Marauder  
  94  13:28  Marine  
  94  13:29  Marine x3  
  98  13:34  Terran Vehicle Weapons Level 2  
  98  13:35  Marauder  
  98  13:37  Thor x3  
  118  13:46  Marine  
  118  13:47  Marine x3  
  122  13:50  Armory  
  122  13:52  Terran Infantry Armor Level 2  
  122  13:57  Marauder, Engineering Bay  
  122  14:00  SCV  
  122  14:01  SCV x2  
  127  14:04  Marine x3  
  127  14:05  Marine  
  131  14:12  SCV  
  131  14:13  SCV x2  
  134  14:18  Marauder  
  134  14:21  Refinery  
  134  14:23  Refinery  
  136  14:24  SCV  
  136  14:25  SCV x2, Terran Infantry Weapons Level 2  
  136  14:30  Thor x3, Supply Depot  
  157  14:36  SCV  
  157  14:37  SCV  
  160  14:39  Marauder  
  156  14:52  SCV x2, Command Center  
  156  14:54  Supply Depot  
  146  15:17  Supply Depot  
  145  15:28  Thor x3  
  151  15:30  Marauder  
  165  15:38  Marine x4  
  165  15:41  Supply Depot  
  155  15:51  Marauder  
  155  15:56  Marine x3  
  146  16:13  Marauder  
  140  16:21  Marine  
  140  16:22  Marine x3  
  144  16:34  Marauder  
  144  16:35  Terran Vehicle Weapons Level 3, Terran Vehicle And Ship Armor Level 1  
  144  16:39  Marine  
  147  16:40  Marine  
  122  16:55  Marauder  
  122  16:59  Thor x2  
  114  17:02  Orbital Command  
  114  17:04  SCV  
  114  17:08  Orbital Command  
  111  17:15  SCV  
  112  17:16  SCV  
  112  17:17  Marauder  
  112  17:20  Refinery  
  112  17:21  Refinery  
  115  17:23  Banshee  
  115  17:27  SCV  
  115  17:28  SCV  
  120  17:39  SCV  
  120  17:40  SCV  
  120  17:42  Thor  
  128  17:51  SCV  
  129  17:52  SCV  
  120  18:03  SCV  
  118  18:06  Banshee  
  121  18:17  SCV  
  121  18:18  SCV x3  
  125  18:27  Missile Turret x2  
  125  18:28  Missile Turret x2  
  125  18:29  SCV  
  125  18:30  SCV x3  
  114  18:41  SCV  
  114  18:42  SCV x3  
  114  18:47  Marauder, Marine x4  
  114  18:48  Missile Turret  
  124  18:49  Missile Turret  
  124  18:50  Missile Turret  
  124  18:53  SCV  
  124  18:54  SCV x3  
  128  19:05  Marine x4  
  128  19:08  Marauder, Command Center  
  134  19:13  Sensor Tower  
  134  19:22  Marine  
  134  19:23  Marine x3  
  138  19:29  Marauder  
  140  19:40  Marine  
  140  19:41  Marine x3  
  144  19:51  Marauder  
  146  19:57  Thor x2  
  146  19:58  Marine, Thor  
  146  19:59  Marine x3  
  166  20:12  Marauder  
  157  20:16  Marine x4  
  157  20:34  Marauder, Marine x4  
  163  20:40  Thor x3  
  181  20:52  Marine  
  181  20:55  SCV, Marauder  
  181  20:56  SCV x3  
  188  21:07  SCV  
  188  21:08  SCV x3  
  192  21:16  Marauder  
  194  21:19  SCV  
  194  21:20  SCV  
  196  21:38  SCV x3  
  196  21:39  Marauder  
  195  21:42  Supply Depot x2  
  195  21:43  Supply Depot  
  195  21:45  Thor x3  
  148  22:00  Marauder  
  132  22:05  Supply Depot x2  
  132  22:07  Supply Depot  
  132  22:08  Marine x4  
  134  22:21  Marauder  
  136  22:25  Command Center  
  148  22:30  Supply Depot  
Show
View Real Time Build Order
Export as new Build Order

qqq Zerg - Winner!

Build Orders: Hatch First 

Get SALT Encoding   

  12  0:01  Drone  
  13  0:08  Drone  
  14  0:36  Hatchery  
  14  0:41  Drone  
  14  1:17  Spawning Pool  
  13  1:32  Hatchery  
  13  1:55  Drone, Overlord  
  13  1:58  Extractor, Drone  
  14  2:14  Drone  
  15  2:19  Drone  
  16  2:23  Hatchery  
  16  2:26  Queen  
  17  2:32  Zergling x2  
  18  2:47  Baneling Nest  
  18  2:49  Drone  
  18  2:57  Zergling x2  
  19  3:04  Spine Crawler  
  18  3:08  Extractor  
  18  3:14  Zergling x4  
  19  3:21  Zergling x4  
  19  3:23  Zergling x2  
  22  3:33  Metabolic Boost  
  22  3:52  Drone x2  
  24  3:56  Drone  
  24  3:57  Drone  
  24  3:59  Baneling  
  24  4:00  Baneling  
  25  4:11  Spine Crawler  
  25  4:16  Drone  
  25  4:18  Drone  
  26  4:30  Baneling x2  
  26  4:31  Drone x2  
  28  4:46  Drone x4  
  32  4:54  Lair  
  32  4:58  Drone  
  33  5:08  Spore Crawler  
  33  5:10  Spore Crawler  
  27  5:30  Drone x4  
  27  5:32  Extractor  
  30  5:35  Drone, Extractor  
  30  5:36  Drone x4  
  30  5:38  Overlord  
  34  5:44  Spore Crawler  
  34  5:45  Drone  
  34  5:57  Queen  
  36  6:10  Drone x2, Spire  
  36  6:12  Overlord  
  36  6:14  Drone  
  37  6:23  Drone  
  37  6:24  Drone x3  
  41  6:44  Overlord  
  41  6:45  Drone  
  41  6:46  Overlord x3  
  42  6:57  Drone, Spine Crawler  
  42  7:12  Overlord  
  42  7:13  Drone x6  
  48  7:35  Mutalisk x5  
  48  7:36  Mutalisk x2  
  62  7:37  Mutalisk  
  62  7:38  Drone  
  62  7:39  Drone  
  66  7:46  Extractor  
  65  7:51  Drone  
  65  7:52  Drone  
  65  7:54  Drone  
  68  7:59  Mutalisk  
  68  8:01  Hatchery  
  68  8:03  Zerg Flyer Weapons Level 1  
  69  8:06  Overlord  
  69  8:07  Overlord  
  69  8:16  Spore Crawler  
  69  8:17  Mutalisk  
  68  8:23  Drone x2  
  68  8:24  Drone x2  
  72  8:38  Hatchery  
  71  8:41  Mutalisk  
  71  8:42  Mutalisk  
  75  8:56  Corruptor x2  
  79  9:11  Corruptor  
  79  9:13  Corruptor  
  83  9:21  Hatchery  
  82  9:29  Drone x2  
  82  9:30  Corruptor  
  83  9:58  Mutalisk x3  
  89  10:04  Corruptor  
  89  10:05  Drone x2  
  89  10:06  Drone x3  
  95  10:20  Mutalisk x2  
  99  10:22  Drone x2  
  101  10:38  Corruptor x2  
  102  10:53  Corruptor  
  104  11:14  Overlord x2  
  104  11:15  Overlord x4  
  104  11:22  Hatchery, Drone  
  104  11:28  Hatchery  
  104  11:29  Zerg Flyer Armor Level 1  
  104  11:31  Drone  
  104  11:55  Corruptor x2  
  104  12:00  Drone x2  
  104  12:01  Drone x4  
  114  12:14  Drone x2  
  116  12:27  Corruptor x3  
  116  12:28  Corruptor x2  
  116  12:29  Drone x2  
  128  12:30  Corruptor  
  128  12:34  Extractor x2  
  128  12:36  Drone  
  128  12:37  Drone x2  
  95  13:09  Corruptor x4  
  95  13:11  Drone x4  
  95  13:12  Drone x8  
  103  13:22  Mutalisk  
  103  13:23  Spore Crawler, Zerg Flyer Weapons Level 2  
  103  13:24  Zergling x6  
  103  13:25  Zergling x8  
  103  13:26  Drone x4  
  115  13:32  Extractor x2  
  113  13:53  Drone x2, Extractor, Corruptor  
  113  13:54  Extractor, Mutalisk, Corruptor  
  113  13:55  Mutalisk x2  
  121  14:01  Drone x3  
  126  14:03  Spore Crawler  
  126  14:04  Spore Crawler x2  
  126  14:05  Spore Crawler x2  
  126  14:07  Spore Crawler  
  126  14:09  Spore Crawler x2  
  118  14:10  Drone, Spore Crawler  
  118  14:11  Drone x2, Spore Crawler x3  
  118  14:12  Drone x3  
  118  14:16  Corruptor x3  
  126  14:23  Corruptor  
  128  14:25  Mutalisk  
  130  14:32  Drone x4  
  134  14:40  Drone x3  
  134  14:41  Mutalisk x2  
  112  15:09  Mutalisk x2  
  112  15:10  Mutalisk x2  
  112  15:11  Zergling x10  
  112  15:12  Drone, Zergling x6  
  112  15:13  Drone x5  
  130  15:19  Mutalisk x2  
  132  15:30  Drone  
  132  15:34  Drone  
  134  15:42  Mutalisk x2  
  134  15:43  Mutalisk, Corruptor x2  
  134  15:44  Corruptor  
  144  16:10  Corruptor x2  
  144  16:11  Corruptor x4  
  143  16:23  Corruptor x4  
  151  16:26  Drone x5  
  151  16:27  Drone x3  
  151  16:28  Overlord  
  151  16:29  Overlord x3  
  128  17:06  Mutalisk x8  
  128  17:07  Mutalisk  
  138  17:09  Zerg Flyer Armor Level 2  
  138  17:11  Drone x5  
  143  17:17  Infestation Pit  
  143  17:21  Spore Crawler x2  
  140  17:24  Mutalisk x3  
  140  17:25  Spine Crawler  
  140  17:26  Drone x6  
  140  17:29  Extractor  
  150  17:30  Extractor  
  140  17:51  Corruptor x5  
  111  18:05  Mutalisk  
  111  18:06  Mutalisk x3  
  111  18:08  Drone x3  
  121  18:13  Drone  
  121  18:15  Spore Crawler  
  121  18:16  Spore Crawler  
  113  18:36  Drone x2  
  113  18:38  Drone x3  
  118  18:43  Zergling x4  
  118  18:44  Zergling x14  
  118  18:45  Zergling x6  
  128  19:02  Hive  
  128  19:08  Evolution Chamber, Corruptor  
  128  19:09  Mutalisk x4, Corruptor x2  
  133  19:10  Mutalisk, Evolution Chamber  
  133  19:12  Evolution Chamber  
  141  19:17  Drone x4  
  141  19:20  Hatchery  
  137  19:45  Mutalisk x6  
  133  19:46  Mutalisk x2  
  133  19:47  Zergling x10  
  133  19:48  Drone x2  
  150  20:16  Ultralisk Cavern, Zerg Melee Weapons Level 1  
  150  20:17  Zerg Missile Weapons Level 1, Zerg Ground Armor Level 1  
  147  20:22  Zergling x4  
  147  20:23  Zergling x16  
  147  20:24  Zergling x6  
  147  20:25  Drone x3  
  162  20:42  Extractor  
  152  20:57  Mutalisk x5  
  152  20:58  Mutalisk x2  
  166  21:16  Drone  
  166  21:17  Drone x2  
  148  21:50  Mutalisk x6  
  148  21:52  Drone x2  
Show
View Real Time Build Order
Export as new Build Order

ETa Protoss 

Build Orders: Cannon Rush, Carriers 

Get SALT Encoding   

  12  0:00  Probe  
  13  0:13  Pylon  
  13  0:18  Probe  
  14  0:30  Probe  
  15  0:39  Forge  
  15  0:43  Probe (Chrono Boost)  
  16  0:53  Probe (Chrono Boost)  
  17  1:01  Pylon  
  17  1:02  Probe  
  18  1:10  Gateway  
  18  1:22  Photon Cannon  
  18  1:31  Photon Cannon  
  18  1:42  Photon Cannon  
  18  2:04  Assimilator  
  18  2:07  Probe  
  19  2:08  Nexus  
  18  2:18  Cybernetics Core  
  18  2:32  Photon Cannon  
  18  2:40  Assimilator  
  18  2:41  Probe  
  19  2:53  Probe  
  19  2:56  Adept  
  23  3:05  Probe  
  23  3:17  Probe  
  24  3:29  Probe  
  24  3:30  Probe  
  24  3:32  Stargate  
  24  3:33  Pylon  
  26  3:42  Probe  
  26  3:44  Assimilator  
  26  3:47  Probe  
  28  3:48  Assimilator  
  28  3:51  Pylon  
  28  3:57  Probe  
  28  3:59  Probe  
  30  4:13  Probe x2  
  30  4:14  Photon Cannon  
  30  4:17  Oracle  
  35  4:25  Probe (Chrono Boost)  
  35  4:26  Probe (Chrono Boost)  
  37  4:35  Probe (Chrono Boost)  
  37  4:36  Probe (Chrono Boost)  
  37  4:38  Stargate  
  39  4:42  Probe x2  
  41  4:53  Void Ray  
  41  4:54  Probe x2  
  47  5:23  Void Ray (Chrono Boost)  
  47  5:24  Probe x2  
  46  5:33  Void Ray (Chrono Boost)  
  50  5:36  Probe x2  
  56  5:48  Probe x2  
  58  5:53  Pylon  
  58  5:55  Pylon  
  57  5:59  Void Ray (Chrono Boost)  
  56  6:07  Probe x2  
  62  6:25  Protoss Air Weapons Level 1  
  62  6:28  Probe x2  
  62  6:29  Fleet Beacon  
  64  6:42  Probe x2  
  66  6:47  Nexus  
  66  6:49  Protoss Shields Level 1  
  66  6:58  Cybernetics Core  
  66  7:20  Pylon  
  66  7:21  Pylon  
  66  7:23  Pylon  
  66  7:29  Carrier (Chrono Boost)  
  66  7:35  Carrier (Chrono Boost)  
  75  7:49  Assimilator  
  75  7:52  Assimilator  
  75  7:55  Pylon  
  75  7:57  Pylon, Flux Vanes  
  75  7:59  Stargate  
  75  8:00  Stargate  
  75  8:01  Pylon  
  75  8:22  Carrier (Chrono Boost)  
  81  8:29  Carrier (Chrono Boost)  
  83  8:38  Probe  
  83  8:39  Probe x2  
  86  8:45  Photon Cannon  
  86  8:49  Photon Cannon  
  86  8:51  Probe x3, Photon Cannon  
  86  8:52  Photon Cannon  
  86  8:55  Photon Cannon  
  88  9:05  Photon Cannon  
  88  9:08  Photon Cannon  
  88  9:10  Probe x3  
  91  9:17  Void Ray  
  91  9:22  Probe x3  
  98  9:50  Carrier  
  104  10:06  Carrier  
  110  10:07  Carrier  
  116  10:21  Nexus  
  116  10:23  Assimilator  
  116  10:27  Probe x3  
  119  10:28  Assimilator  
  119  10:30  Pylon  
  119  10:33  Pylon  
  125  10:35  Carrier (Chrono Boost)  
  125  10:44  Protoss Air Weapons Level 2  
  125  10:45  Protoss Air Armor Level 1  
  125  11:04  Probe x3  
  126  11:08  Photon Cannon  
  128  11:11  Photon Cannon  
  128  11:12  Void Ray x2 (Chrono Boost)  
  128  11:16  Twilight Council, Pylon  
  128  11:18  Pylon  
  128  11:22  Carrier (Chrono Boost)  
  142  11:37  Shield Battery  
  142  11:41  Carrier  
  148  11:59  Pylon  
  148  12:01  Photon Cannon  
  148  12:03  Void Ray  
  148  12:05  Probe x3  
  148  12:06  Photon Cannon  
  148  12:07  Probe  
  152  12:10  Protoss Shields Level 2 (Chrono Boost)  
  152  12:11  Carrier  
  162  12:17  Probe  
  163  12:29  Carrier  
  153  12:54  Void Ray x2  
  131  13:09  Void Ray  
  129  13:27  Probe x3  
  132  13:36  Stargate  
  132  13:38  Stargate  
  132  13:59  Carrier  
  132  14:01  Protoss Air Weapons Level 3  
  138  14:10  Void Ray x2  
  138  14:15  Photon Cannon  
  138  14:16  Photon Cannon, Void Ray  
  146  14:17  Carrier  
  120  15:16  Void Ray (Chrono Boost)  
  120  15:17  Carrier x2 (Chrono Boost)  
  144  15:26  Carrier (Chrono Boost)  
  144  15:27  Carrier (Chrono Boost)  
  148  15:38  Carrier (Chrono Boost)  
  153  15:53  Carrier (Chrono Boost)  
  159  16:03  Protoss Air Armor Level 2  
  149  16:20  Void Ray  
  149  16:25  Carrier  
  135  16:55  Void Ray  
  135  16:59  Carrier  
  135  17:01  Carrier x2  
  135  17:07  Void Ray  
  139  17:08  Pylon  
  143  17:21  Photon Cannon  
  139  17:45  Nexus  
  139  17:48  Void Ray  
  135  17:56  Carrier  
  111  18:14  Carrier  
  117  18:26  Nexus  
  117  18:28  Pylon  
  117  18:30  Void Ray  
  121  18:42  Void Ray  
  121  18:44  Assimilator  
  125  18:49  Assimilator  
  125  18:51  Pylon  
  125  18:54  Pylon  
  125  18:57  Pylon  
  125  18:58  Probe x3  
  125  18:59  Probe  
  129  19:16  Photon Cannon  
  129  19:19  Photon Cannon  
  129  19:20  Photon Cannon  
  129  19:23  Photon Cannon  
  129  19:24  Photon Cannon  
  129  19:28  Photon Cannon  
  129  19:31  Photon Cannon  
  122  19:32  Pylon  
  122  19:36  Pylon  
  110  19:39  Photon Cannon  
  110  19:44  Carrier (Chrono Boost)  
  111  19:52  Void Ray (Chrono Boost)  
  108  20:16  Carrier (Chrono Boost)  
  114  20:39  Void Ray  
  114  20:41  Void Ray  
  119  21:27  Carrier  
  86  21:49  Void Ray  
  64  22:12  Nexus  
Show
View Real Time Build Order
Export as new Build Order

posko Zerg 

Build Orders: Pool First 

Get SALT Encoding   

  12  0:18  Spawning Pool  
  11  0:22  Drone  
  11  0:26  Drone  
  13  0:31  Drone  
  14  0:40  Overlord  
  14  0:45  Extractor  
  14  0:46  Drone  
  14  1:00  Drone  
  15  1:06  Queen  
  15  1:10  Zergling x2  
  18  1:16  Overlord  
  18  1:28  Zergling x2  
  19  1:38  Zergling x2  
  20  1:49  Zergling x2  
  21  2:04  Hatchery  
  20  2:12  Roach Warren  
  17  2:50  Zergling x8  
  17  2:51  Zergling x2  
  22  3:02  Zergling x2  
  23  3:17  Queen  
  23  3:18  Overlord x2  
  24  3:26  Overlord  
  23  3:39  Drone x2  
  21  3:56  Zergling x6  
  21  3:59  Drone  
  23  4:13  Drone x3  
  26  4:22  Baneling Nest  
  25  4:45  Roach x4  
  33  4:53  Spine Crawler  
  33  4:59  Drone x3  
  32  5:29  Drone x8  
  40  5:40  Drone x4  
  44  5:57  Spore Crawler  
  44  5:59  Spore Crawler  
  44  6:01  Extractor  
  44  6:02  Extractor  
  40  6:10  Drone x7  
  47  6:19  Extractor  
  47  6:20  Lair  
  47  6:23  Drone x3  
  49  6:30  Drone x3  
  52  6:47  Overlord x3  
  52  7:05  Evolution Chamber  
  51  7:17  Drone  
  51  7:18  Drone x3  
  51  7:21  Drone  
  56  7:24  Hatchery  
  55  7:31  Evolution Chamber  
  55  7:32  Zerg Missile Weapons Level 1  
  55  7:34  Roach x7  
  68  7:46  Overlord x2  
  68  8:03  Queen  
  70  8:27  Hydralisk Den, Spore Crawler  
  68  8:38  Overlord x3  
  68  8:39  Drone x6  
  68  8:40  Drone x6  
  80  8:47  Queen  
  82  8:51  Zerg Ground Armor Level 1  
  82  8:55  Extractor x2  
  80  8:56  Hydralisk x2  
  80  8:57  Hydralisk x3  
  90  9:15  Hydralisk x7  
  104  9:27  Drone  
  104  9:28  Drone  
  104  9:30  Drone x4  
  98  9:50  Hydralisk x4  
  97  9:59  Hydralisk x2  
  88  10:00  Hydralisk x4  
  96  10:09  Ravager  
  96  10:10  Ravager  
  83  10:33  Hydralisk x3  
  83  10:34  Hydralisk  
  85  10:37  Zergling x4  
  87  10:51  Hydralisk x2  
  87  10:53  Hatchery  
  90  11:25  Queen  
  90  11:27  Hatchery, Drone  
  90  11:30  Hydralisk  
  90  11:31  Hydralisk x3  
  100  11:33  Overlord  
  100  11:37  Zerg Missile Weapons Level 2  
  100  12:14  Overlord x6  
  100  12:33  Hydralisk x7  
  92  12:55  Hydralisk x5  
  78  13:07  Hydralisk x2  
  72  13:21  Hydralisk x2  
  72  13:25  Overseer  
  74  13:48  Pneumatized Carapace  
  74  13:49  Hydralisk x4  
  74  13:50  Hydralisk x2  
  86  14:02  Hydralisk x2  
  88  14:09  Drone x3  
  93  14:10  Queen  
  93  14:14  Drone x4  
  99  14:17  Hatchery  
  98  14:33  Spore Crawler  
  97  14:52  Hydralisk  
  97  14:53  Hydralisk x8  
  85  15:08  Hydralisk  
  85  15:09  Hydralisk x2  
  83  15:16  Muscular Augments  
  71  15:36  Hydralisk x6  
  81  15:48  Infestation Pit  
  52  16:18  Hydralisk  
  52  16:19  Hydralisk x6  
  64  16:27  Grooved Spines  
  61  17:01  Hydralisk  
  61  17:02  Hydralisk x3  
  67  17:09  Drone x2  
  69  17:43  Hydralisk x3  
  75  17:57  Hydralisk  
  77  18:16  Hydralisk  
  77  18:17  Hydralisk x2  
  79  18:53  Hydralisk x3  
  81  19:04  Drone x2  
  83  19:48  Hatchery  
  82  19:53  Hydralisk x6  
  84  20:23  Hydralisk x4  
  76  20:31  Zergling x6  
  76  20:35  Queen  
  81  20:44  Zergling x2  
  81  20:45  Zergling x2  
  48  21:04  Zergling x2  
  48  21:05  Zergling x4  
  37  21:23  Hydralisk x3  
  37  21:25  Zergling x8  
  40  21:45  Zergling x8  
  40  21:46  Zergling x4  
  41  22:03  Zergling x2  
  41  22:04  Zergling x12  
Tags
 
Add a new tag
Caveats
  • Supply blocks, unpowered buildings, or Contaminate may cause inaccurate times.
  • Supply counts are checked every 10 seconds.